 Dungeon Crawl Stone Soup version 0.28.0-53-g5a82cb258f (webtiles) character file.

Game seed: 5859284083392859241

4582 LynnLen the Slicer (level 10, -10/50 HPs)
             Began as a Vampire Enchanter on Aug 15, 2022.
             Was an Initiate of Gozag.
             Mangled by a yak (13 damage)
             ... on level 7 of the Dungeon on Aug 16, 2022.
             The game lasted 00:26:13 (9611 turns).

LynnLen the Slicer (Vampire Enchanter)              Turns: 9611, Time: 00:26:14

Health: -10/50     AC:  6    Str:  7    XL:     10   Next: 18%
Magic:  24/24      EV: 18    Int: 22    God:    Gozag
Gold:   814        SH:  5    Dex: 19    Spells: 5/16 levels left

rFire   + . .      SeeInvis +   c - +3 dagger (venom)
rCold   + + .      Faith    .   (no shield)
rNeg    + + +      Spirit   .   b - +1 robe
rPois   ∞          Reflect  +   j - +2 hat
rElec   .          Harm     .   (no cloak)
rCorr   .          Rampage  .   p - +0 pair of gloves
Will    +....                   (no boots)
Stlth   ++++++....              r - amulet "Nesiy" {Reflect rF+ MP+9 Int+4 SH+5}
HPRegen 0.00/turn               n - ring of flight
MPRegen 0.19/turn               y - +4 ring of slaying

@: flying, bloodless, inhibited regen
A: bloodless, fangs 3, see invisible, vampiric 2
a: Bat Form, Revivify, Renounce Religion, Potion Petition, Call Merchant, Bribe
Branch


You were on level 7 of the Dungeon.
You worshipped Gozag.
Gozag was pleased with you.
You visited 2 branches of the dungeon, and saw 9 of its levels.

You collected 1004 gold pieces.
You spent 136 gold pieces at shops.
You paid 54 gold pieces to Gozag.

Inventory:

Hand Weapons
 a - a +2 dagger of freezing
 c - a +3 dagger of venom (weapon)
 l - a +1 antimagic spear
 H - a +0 dagger
Missiles
 d - 150 stones
 A - 4 throwing nets
Armour
 b - a +1 robe (worn)
 j - a +2 hat (worn)
 p - a +0 pair of gloves (worn)
 v - a +0 leather armour
Jewellery
 g - a ring of willpower
 n - a ring of flight (left hand)
 r - the amulet "Nesiy" (around neck) {Reflect rF+ MP+9 Int+4 SH+5}
   (You acquired it on level 4 of the Dungeon)

   [amulet of reflection]

   It reflects blocked missile attacks.
   Int:       It affects your intelligence (+4).
   rF:        It protects you from fire.
   MP:        It affects your magic capacity (+9).
   SH:        It affects your SH (+5).
 w - a ring of fire
 y - a +4 ring of slaying (right hand)
 F - a ring of protection from fire
Wands
 o - a wand of flame (25)
 u - a wand of polymorph (6)
 E - a wand of paralysis (8)
 G - a wand of mindburst (6)
Scrolls
 e - 3 scrolls of noise {unknown}
 f - 4 scrolls of teleportation
 q - 2 scrolls of magic mapping
 x - a scroll of silence {unknown}
 B - a scroll of immolation {unknown}
 C - a scroll of brand weapon
Potions
 h - 3 potions of attraction
 i - a potion of berserk rage
 k - 3 potions of brilliance
 m - a potion of flight
 s - a potion of might
 t - 2 potions of curing
 z - 2 potions of resistance
 D - a potion of mutation
 I - a potion of haste
 J - a potion of degeneration {unknown}


   Skills:
 * Level 11.9 Short Blades
 + Level 8.7 Dodging
 + Level 6.9 Stealth
 + Level 3.6 Spellcasting
 + Level 6.4 Hexes
 + Level 2.5 Translocations


You had 5 spell levels left.
You knew the following spells:

 Your Spells              Type           Power      Damage    Failure   Level
a - Confusing Touch       Hex            32%        N/A       2%          3
b - Tukima's Dance        Hex            32%        N/A       2%          3
c - Manifold Assault      Tloc           15%        N/A       75%         5

Your spell library contained the following spells:

 Spells                   Type           Power      Damage    Failure   Level
 Ensorcelled Hibernation  Hex/Ice        36%        N/A       4%          2
 Blink                    Tloc           30%        N/A       6%          2
 Dazzling Flash           Conj/Hex       36%        N/A       10%         3
 Inner Flame              Hex/Fire       18%        N/A       10%         3
 Foxfire                  Conj/Fire      16%        2x1d4     12%         1
 Shock                    Conj/Air       16%        1d4       12%         1
 Lesser Beckoning         Tloc           15%        N/A       12%         3
 Sublimation of Blood     Necr           4%         N/A       17%         2
 Wereblood                Tmut           4%         N/A       17%         2
 Conjure Flame            Conj/Fire      4%         6-21      34%         3
 Ozocubu's Armour         Ice            4%         N/A       34%         3
 Swiftness                Air            4%         N/A       34%         3
 Airstrike                Air            2%         N/A       75%         4
 Flame Wave               Conj/Fire      4%         2d5       75%         4
 Ozocubu's Refrigeration  Ice            2%         4d5       100%        7
 Summon Hydra             Summ           2%         N/A       100%        7


Dungeon Overview and Level Annotations

Branches:
Dungeon (8/15)             Temple (1/1) D:4
   Lair: D:8-11

Altars:
Ashenzari
Cheibriados
Dithmenos
Elyvilon
Gozag
Kikubaaqudgha
Nemelex Xobeh
Okawaru
Qazlal
Ru
Sif Muna
Trog
Uskayaw
Vehumet
Yredelemnul
Zin
Lugonu

Shops:
D:7 *   D:8 *

Annotations:
D:6 2 transporters, Diggabert's ghost, novice DECj


Innate Abilities, Weirdness & Mutations

You do not regenerate when monsters are visible.
You are frail without blood (-20% HP).
You can heal yourself when you bite living creatures.
You are immune to poison.
You have razor-sharp teeth.
You have supernaturally acute eyesight. (SInv)
You are afflicted with vampirism and can become a bat while bloodless.


Message History

The yak is almost dead.
The yak barely misses you.
You hit the yak.
The yak looks as sick as possible!
You bite the yak.
You kill the yak!
You now have 814 gold pieces (gained 11).
You start resting.
HP restored.
There is a stone staircase leading down here.
You fly downwards.
The yak gores you! You block the yak's attack. The yak misses you.
The yak completely misses you.
There is a stone staircase leading up here.
The yak gores you! The yak closely misses you.
You fly upwards.
There is a stone staircase leading down here.
You feel better. The yak gores you but does no damage. The yak gores you!
You feel better. The yak gores you. You block the yak's attack.
You puncture the yak!
The yak is moderately wounded.
You hit the yak.
The yak is moderately wounded.
The yak closely misses you. The yak completely misses you.
You hit the yak.
The yak is poisoned.
The yak is moderately wounded.
You barely miss the yak. The yak barely misses you. The yak gores you!
You closely miss the yak. You hit the yak.
The yak is poisoned.
The yak is lightly wounded.
The yak completely misses you. The yak gores you.
You puncture the yak!
The yak looks as sick as possible!
The yak is moderately wounded.
You hit the yak.
The yak looks as sick as possible!
The yak is moderately wounded.
The yak gores you!
* * * LOW HITPOINT WARNING * * *
You block the yak's attack.
You feel better. The yak gores you!
* * * LOW HITPOINT WARNING * * *
The yak gores you!
You die...
Your body crumbles into a pile of gold.

#.#####.# ##.....##
##.....# #.....#
#....)##############
#...[).............###
#.....############....
#....Y# ##### #....@#
#....Y# #######


You could see 2 yaks.

Vanquished Creatures
  Harold (D:8)
  A two-headed ogre (D:6)
  Pikel (D:4)
  Prince Ribbit (D:6)
  Sigmund (D:3)
  A yak (D:7)
  A steam dragon (D:8)
  2 water moccasins
  Duvessa (D:7)
  An ice beast (D:7)
  An orc warrior (D:6)
  A sky beast (D:8)
  2 ogres
  A necrophage (D:4)
  A phantom (D:6)
  2 lemures (D:4)
  2 bullfrogs
  3 jellies
  Dowan (D:7)
  11 killer bees
  A bullfrog zombie (D:6)
  A hound (D:6)
  2 bullfrog skeletons
  2 iguanas
  6 orc wizards
  A killer bee zombie (D:8)
  A howler monkey zombie (D:7)
  Robin (D:3)
  2 adders
  8 gnolls
  A howler monkey skeleton (D:6)
  A white imp (D:6)
  An ufetubus (D:4)
  A worm (D:3)
  A dart slug (D:1)
  18 orcs
  8 ball pythons
  7 endoplasms
  2 giant cockroaches
  14 goblins
  3 hobgoblins
  5 jackals
  4 kobolds
  2 quokkas
  8 bats
137 creatures vanquished.

Vanquished Creatures (others)
  A dancing weapon (D:7)
  A bullfrog (D:8)
  4 plants (D:4)
6 creatures vanquished.

Grand Total: 143 creatures vanquished

Notes
Turn   | Place    | Note
-------+----------+-------------------------------------------
     0 | D:1      | LynnLen the Vampire Enchanter began the quest for the Orb.
     0 | D:1      | Reached XP level 1. HP: 13/13 MP: 3/3
   286 | D:1      | Reached skill level 2 in Short Blades
   286 | D:1      | Reached XP level 2. HP: 15/15 MP: 5/5
   307 | D:1      | Found a faded altar of an unknown god.
  1096 | D:2      | Found a shadowy altar of Dithmenos.
  1921 | D:3      | Gained mutation: You are afflicted with vampirism and can
                  | become a bat while bloodless. [Vampire growth]
  1921 | D:3      | Reached XP level 3. HP: 10/19 MP: 6/6
  1929 | D:3      | Learned a level 3 spell: Confusing Touch
  2176 | D:3      | Found a bloodstained altar of Trog.
  2206 | D:3      | Reached skill level 3 in Short Blades
  2386 | D:3      | Found a shimmering blue altar of Sif Muna.
  2637 | D:3      | Noticed Sigmund
  2649 | D:3      | Killed Sigmund
  2649 | D:3      | Noticed Robin
  2650 | D:3      | Reached skill level 5 in Short Blades
  2650 | D:3      | Reached XP level 4. HP: 17/24 MP: 7/7
  2650 | D:3      | Reached XP level 5. HP: 20/28 MP: 8/8
  2704 | D:3      | Killed Robin
  3286 | D:4      | Reached XP level 6. HP: 9/32 MP: 5/9
  3587 | D:4      | Reached skill level 6 in Short Blades
  3640 | D:4      | Found a broken altar of Ashenzari.
  3644 | D:4      | Found a staircase to the Ecumenical Temple.
  3713 | Temple   | Entered the Ecumenical Temple
  3749 | Temple   | Became a worshipper of Gozag Ym Sagoz the Greedy
  4570 | D:4      | Noticed Pikel
  4579 | D:4      | Killed Pikel
  4580 | D:4      | Reached skill level 8 in Short Blades
  4580 | D:4      | Reached XP level 7. HP: 36/36 MP: 6/10
  4651 | D:4      | Identified a scroll of acquirement
  4651 | D:4      | Acquired the amulet "Nesiy" {Reflect rF+ MP+9 Int+4 SH+5}
  4745 | D:5      | Entered Level 5 of the Dungeon
  5061 | D:4      | Reached XP level 8. HP: 41/41 MP: 11/11
  5602 | D:5      | Found an iron altar of Okawaru.
  6125 | D:6      | Noticed Prince Ribbit
  6159 | D:6      | Killed Prince Ribbit
  6160 | D:6      | Reached skill level 9 in Short Blades
  6250 | D:6      | Noticed Diggabert's ghost (novice DECj)
  6251 | D:6      | Found a transporter.
  6251 | D:6      | Identified the +8 dire flail of the Devouring Seer
                  | {protect, Will+ Str+4 SInv Stlth+}
  6260 | D:6      | Found a transporter.
  6308 | D:6      | Found a sparkling altar of Nemelex Xobeh.
  6590 | D:6      | Noticed a two-headed ogre
  6608 | D:6      | Killed a two-headed ogre
  6609 | D:6      | Reached skill level 10 in Short Blades
  6609 | D:6      | Reached XP level 9. HP: 16/45 MP: 12/12
  6801 | D:6      | Learned a level 3 spell: Tukima's Dance
  6807 | D:6      | Learned a level 5 spell: Manifold Assault
  7356 | D:6      | Reached skill level 11 in Short Blades
  7363 | D:6      | Reached skill level 5 in Stealth
  7643 | D:7      | Reached skill level 5 in Hexes
  7643 | D:7      | Reached skill level 1 in Translocations
  8135 | D:7      | Noticed Dowan
  8142 | D:7      | Noticed Duvessa
  8553 | D:7      | Killed Dowan
  8577 | D:7      | Killed Duvessa
  8837 | D:7      | Found Vakukk's Assorted Antiques.
  9203 | D:8      | Found Anuam's Assorted Antiques.
  9231 | D:8      | Noticed Harold
  9254 | D:8      | Killed Harold
  9255 | D:8      | Reached XP level 10. HP: 42/50 MP: 15/15
  9286 | D:8      | Bought 2 scrolls of identify for 136 gold pieces
  9611 | D:7      | Mangled by a yak

Illustrated notes

Levels and vault maps discovered:
D:1:      lightli_arrival_boilingwater, layout_basic,
          chequers_ecumenical_altar_island
D:2:      layout_loops_corners, basic_altar, chequers_decorated_corner
D:3:      layout_loops_ring, mainiacjoe_overflow_alcove_2,
          mainiacjoe_overflow_alcove_4, cheibrodos_sewer_entry_bend, uniq_robin,
          uniq_sigmund
D:4:      layout_gridville, ashenzari_altar_1,
          minmay_temple_entry_gardened_gates, hangedman_decor_opposing,
          uniq_pikel
D:5:      layout_rooms, nicolae_overflow_crystal_walls
D:6:      layout_cave_pools, lemuel_doored_altar, gammafunk_ghost_smash,
          uniq_prince_ribbit1
D:7:      layout_rooms, zin_treasury, serial_shops, nicolae_take_the_stairs,
          uniq_duvessa
D:8:      layout_cave_pools, serial_shops, shop, uniq_harold
Temple:   corrupted_temple

Skill      XL: |  1  2  3  4  5  6  7  8  9 |
---------------+----------------------------+-----
Short Blades   | 2 5 8 10 11 | 11.9
Dodging        | 4 6 7 8 |  8.7
Stealth        | 6 |  6.9
Hexes          | 6 |  6.4
Translocations | 2 |  2.5
Spellcasting   | 3 |  3.6

Action                   |  1- 3 |  4- 6 |  7- 9 | 10-12 || total
-------------------------+-------+-------+-------+-------++-------
Melee: Dagger            |    91 |   137 |   288 |    18 ||   534
       Bite              |     7 |    16 |    40 |     2 ||    65
       Punch             |     1 |     4 |     7 |       ||    12
Throw: Stone             |       |     2 |     3 |       ||     5
       Throwing net      |       |       |     1 |       ||     1
 Cast: Confusing Touch   |     2 |     6 |    19 |       ||    27
       Tukima's Dance    |       |       |     1 |       ||     1
 Abil: Exsanguinate      |     1 |       |       |       ||     1
  Use: Scroll            |     6 |     4 |     8 |     2 ||    20
       Potion            |     1 |       |     4 |     3 ||     8
 Stab: Sleeping          |    19 |     7 |     7 |       ||    33
       Confused          |     2 |     8 |    13 |       ||    23
       Invisible         |     2 |     2 |     1 |       ||     5
       Distracted        |       |       |     2 |       ||     2
Armor: Robe              |    20 |    26 |    34 |     1 ||    81
Dodge: Dodged            |    51 |    68 |   112 |    10 ||   241
Block: Other             |       |       |    49 |     3 ||    52
